 Dungeon Crawl Stone Soup version 0.27-a0-1529-g1e82c303ef (webtiles) character file.

Game seed: 10783529431373993295

11692 Lanoc the Gelid (level 11, -2/68 HPs)
             Began as a Barachi Ice Elementalist on July 11, 2021.
             Was a High Priest of Yredelemnul.
             Slain by a five-headed hydra (5 damage)
             ... on level 11 of the Dungeon.
             The game lasted 00:20:05 (8769 turns).

Lanoc the Gelid (Barachi Ice Elementalist)          Turns: 8769, Time: 00:20:05

Health: -2/68      AC:  7    Str: 11    XL:     11   Next: 81%
Magic:  19/23      EV: 17    Int: 19    God:    Yredelemnul [*****.]
Gold:   442        SH:  0    Dex: 13    Spells: 7/14 levels left

rFire    . . .     SeeInvis .   a - staff of cold
rCold    + + .     Faith    .   (no shield)
rNeg     . . .     Spirit   .   K - +2 robe {Will+}
rPois    .         Reflect  .   (no helmet)
rElec    .         Harm     .   d - scarf {repulsion}
rCorr    .         Rampage  .   (no gloves)
Will     ++...                  l - +0 pair of boots
Stlth    ++........             j - amulet of regeneration
HPRegen  1.21/turn              I - ring of magical power
MPRegen  0.18/turn              F - ring of protection from cold

@: repel missiles, slow
A: amphibious, slowness 1, strong legs 1, +LOS, iridescent scales 1,
strong-willed 1, strong 1
a: Hop, Renounce Religion, Recall Undead Slaves, Injury Mirror, Animate Dead,
Drain Life, Enslave Soul


You were on level 11 of the Dungeon.
You worshipped Yredelemnul.
Yredelemnul was extremely pleased with you.
You visited 2 branches of the dungeon, and saw 12 of its levels.

You collected 442 gold pieces.

Inventory:

Hand Weapons
 b - the +12 morningstar of Qazlal's Benevolence {drain, rElec MP-9 Dex+6}
   (You found it on level 10 of the Dungeon)

   A truly terrible weapon, it drains the life of those it strikes.
   Dex:       It affects your dexterity (+6).
   rElec:     It insulates you from electricity.
   MP:        It affects your magic capacity (-9).
 E - the +7 rapier of Kinn {vorpal, rPois rF+ rC+}
   (You found it on level 8 of the Dungeon)

   It inflicts extra damage upon your enemies.
   rF:        It protects you from fire.
   rC:        It protects you from cold.
   rPois:     It protects you from poison.
Missiles
 w - 2 curare-tipped darts
 y - 2 throwing nets (quivered)
 D - 6 atropa-tipped darts
Armour
 d - a scarf of repulsion (worn)
 l - a +0 pair of boots (worn)
 K - a +2 robe of willpower (worn)
Magical Staves
 a - a staff of cold (weapon)
Jewellery
 j - an amulet of regeneration (around neck)
 C - a ring of flight
 F - a ring of protection from cold (right hand)
 I - a ring of magical power (left hand)
Wands
 r - a wand of flame (21)
 s - a wand of polymorph (15)
 A - a wand of paralysis (6)
 J - a wand of charming (6)
 L - a wand of iceblast (5)
Scrolls
 e - a scroll of summoning {unknown}
 g - 3 scrolls of amnesia {unknown}
 h - a scroll of enchant armour
 p - 3 scrolls of brand weapon
 q - a scroll of blinking
 u - 2 scrolls of enchant weapon
 v - a scroll of silence
 x - 2 scrolls of magic mapping
 G - 3 scrolls of teleportation
Potions
 i - a potion of berserk rage
 m - 2 potions of lignification
 n - 2 potions of ambrosia
 t - 2 potions of curing
 H - a potion of flight


   Skills:
 + Level 11.7 Dodging
 - Level 1.7 Stealth
 - Level 2.1 Spellcasting
 * Level 17.2 Ice Magic


You had 7 spell levels left.
You knew the following spells:

 Your Spells              Type           Power      Damage    Failure   Level
a - Freeze                Ice            100%       1d11      0%          1
b - Frozen Ramparts       Ice            100%       1d12      1%          3
c - Ozocubu's Armour      Ice            79%        N/A       1%          3

Your spell library contained the following spells:

 Spells                   Type           Power      Damage    Failure   Level
 Hailstorm                Conj/Ice       51%        3d11      4%          4
 Metabolic Englaciation   Hex/Ice        25%        N/A       13%         5
 Animate Skeleton         Necr           4%         N/A       17%         1
 Apportation              Tloc           4%         N/A       17%         1
 Corona                   Hex            2%         N/A       17%         1
 Summon Small Mammal      Summ           8%         N/A       17%         1
 Poisonous Vapours        Pois/Air       4%         N/A       26%         2
 Static Discharge         Conj/Air       2%         N/A       26%         2
 Freezing Cloud           Conj/Ice/Air   17%        6-21      41%         5
 Mephitic Cloud           Conj/Pois/Air  2%         N/A       45%         3
 Simulacrum               Ice/Necr       25%        N/A       58%         6
 Dispel Undead            Necr           2%         3d7       86%         4
 Sticky Flame             Conj/Fire      2%         2d3       86%         4
 Alistair's Intoxication  Tmut/Pois      1%         N/A       99%         5
 Borgnjor's Vile Clutch   Necr/Erth      1%         N/A       99%         5
 Eringya's Noxious Bog    Tmut/Pois      1%         N/A       100%        6


Dungeon Overview and Level Annotations

Branches:
Dungeon (11/15)            Temple (1/1) D:4            Lair (0/6) D:11
    Orc (0/2) D:9

Altars:
Ashenzari
Cheibriados
Dithmenos
Elyvilon
Fedhas
Gozag
Hepliaklqana
Kikubaaqudgha
Makhleb
Nemelex Xobeh
Okawaru
Qazlal
Ru
Sif Muna
Trog
Uskayaw
Vehumet
Wu Jian
Xom
Yredelemnul
Zin
The Shining One
Lugonu

Shops:
D:3 [


Innate Abilities, Weirdness & Mutations

You are amphibious.
You cover ground slowly.
You can hop short distances.
You have an extended range of vision and can be seen from far away.
You are partially covered in iridescent scales. (AC +2)
You are strong-willed. (Will+)
Your muscles are strong. (Str +2)


Message History

The five-headed hydra seems to slow down.
The five-headed hydra closely misses you.
The five-headed hydra misses you.
The five-headed hydra barely misses you.
The five-headed hydra closely misses you.
The five-headed hydra bites you!
You barely miss the five-headed hydra.
The five-headed hydra is moderately wounded.
The centaur warrior zombie barely misses you.
The centaur warrior zombie misses you.
You hit the five-headed hydra. You freeze the five-headed hydra!
The five-headed hydra seems to slow down.
The five-headed hydra is heavily wounded.
The centaur warrior zombie hits you but does no damage.
The centaur warrior zombie kicks you but does no damage.
The wall freezes the five-headed hydra!
The five-headed hydra bites you! x3
The five-headed hydra bites you but does no damage.
The five-headed hydra bites you. The centaur warrior zombie misses you.
The centaur warrior zombie kicks you but does no damage.
You barely miss the five-headed hydra.
The five-headed hydra is severely wounded.
The centaur warrior zombie barely misses you.
The centaur warrior zombie misses you.
The wall freezes the five-headed hydra!
The five-headed hydra misses you. The five-headed hydra bites you.
* * * LOW HITPOINT WARNING * * *
The five-headed hydra bites you!
* * * LOW HITPOINT WARNING * * *
The five-headed hydra bites you but does no damage.
The five-headed hydra bites you.
* * * LOW HITPOINT WARNING * * *
It was a potion of cancellation.
Your magical effects are unravelling.
You feel magically purged.
The frozen ramparts melt away.
The centaur warrior zombie misses you.
The centaur warrior zombie closely misses you.
The five-headed hydra completely misses you.
The five-headed hydra closely misses you.
The five-headed hydra bites you.
You die...
Your body rises from the dead as a mindless zombie.

.#.####.....####.#
#.##.........##.#
#.#...........#.#
.##...............#
.........>.......#
.....P.........##
#........P..##
##...Z.....##
###@D...###
###.....# ##....#
#....# ..........#
....##....# ...
#[...# ... .....#
## ##....#


You could see a five-headed hydra (slow) and a centaur warrior zombie.

Vanquished Creatures
  A two-headed ogre (D:8)
  The ghost of hark the Blocker, a novice MiFi of Okawaru (D:10)
  A cyclops (D:10)
  A manticore (D:10)
  An elephant (D:11)
  A kobold demonologist (D:11)
  A troll (D:9)
  A hornet (D:8)
  Grinder (D:5)
  A wyvern (D:11)
  A basilisk (D:11)
  9 yaks
  2 vampire mosquitoes (D:10)
  Duvessa (D:6)
  2 ice beasts
  6 orc warriors
  4 black bears
  6 ogres
  2 centaurs
  5 necrophages (D:7)
  2 phantoms
  2 bullfrogs
  5 kobold brigands
  A scorpion (D:6)
  3 gnoll sergeants
  Dowan (D:6)
  9 wights (D:7)
  3 howler monkeys (D:9)
  5 centaur zombies
  2 hounds (D:5)
  2 gnoll shamans
  A jelly (D:7)
  A bullfrog skeleton (D:5)
  Natasha (thrice) (D:2)
  A centaur skeleton (D:4)
  4 iguanas
  11 orc wizards
  A hound skeleton (D:4)
  2 mummies
  A howler monkey zombie (D:5)
  17 gnolls
  5 adders
  2 shadow imps
  3 white imps
  An ufetubus (D:5)
  3 worms
  A dart slug (D:2)
  26 orcs
  2 ball pythons
  10 endoplasms
  4 giant cockroaches
  5 goblins
  10 hobgoblins
  4 jackals (D:2)
  A quokka (D:5)
  8 bats
  A frilled lizard (D:3)
  14 kobolds
  2 rats (D:3)
  A spectral orc (D:9)
228 creatures vanquished.

Vanquished Creatures (collateral kills)
  7 yaks
  4 steam dragons
  2 orc warriors
  A hornet zombie (D:9)
  A centaur (D:8)
  2 kobold brigands (D:9)
  2 centaur zombies
  An orc priest (D:7)
  2 orc wizards (D:9)
  2 howler monkey zombies
  3 gnolls
  11 orcs
  A kobold (D:9)
39 creatures vanquished.

Vanquished Creatures (others)
  A two-headed ogre (D:10)
  8 flying skulls
  2 wraiths (D:9)
  2 wights
  A withered plant (D:7)
14 creatures vanquished.

Grand Total: 281 creatures vanquished

Notes
Turn   | Place    | Note
-------+----------+-------------------------------------------
     0 | D:1      | Lanoc the Barachi Ice Elementalist began the quest for the
                  | Orb.
     0 | D:1      | Reached XP level 1. HP: 13/13 MP: 3/3
   163 | D:1      | Reached skill level 5 in Ice Magic
   505 | D:1      | Reached XP level 2. HP: 19/19 MP: 3/5
   657 | D:1      | Found a faded altar of an unknown god.
   666 | D:1      | Became a worshipper of Yredelemnul the Dark
   666 | D:1      | Reached * piety under Yredelemnul
  1132 | D:2      | Noticed Natasha
  1149 | D:2      | Killed Natasha
  1150 | D:2      | Reached XP level 3. HP: 7/24 MP: 0/6
  1154 | D:2      | Learned a level 3 spell: Frozen Ramparts
  1340 | D:2      | Noticed Natasha
  1346 | D:2      | Killed Natasha
  1347 | D:2      | Reached skill level 6 in Ice Magic
  1347 | D:2      | Reached XP level 4. HP: 29/30 MP: 1/7
  1509 | D:2      | Noticed Natasha
  1522 | D:2      | Killed Natasha
  2055 | D:2      | Reached ** piety under Yredelemnul
  2194 | D:2      | Reached XP level 5. HP: 35/35 MP: 4/8
  2410 | D:3      | Found Usaadem's Armour Boutique.
  2597 | D:3      | Reached skill level 7 in Ice Magic
  2731 | D:3      | Found a shimmering altar of Xom.
  2731 | D:3      | Found an ornate altar of the Wu Jian Council.
  2906 | D:4      | Noticed an ogre
  2907 | D:4      | Noticed an ogre
  2912 | D:4      | Killed an ogre
  2913 | D:4      | Reached XP level 6. HP: 41/41 MP: 4/9
  2917 | D:4      | Reached skill level 8 in Ice Magic
  2985 | D:4      | Learned a level 3 spell: Ozocubu's Armour
  3216 | D:4      | Found a staircase to the Ecumenical Temple.
  3234 | Temple   | Entered the Ecumenical Temple
  3379 | D:4      | Identified the +3 trident of Kumauko Piopp {flame, *Slow
                  | rPois Will+ Dex+5}
  3503 | D:5      | Entered Level 5 of the Dungeon
  3511 | D:5      | Reached *** piety under Yredelemnul
  3513 | D:5      | Reached XP level 7. HP: 44/46 MP: 6/10
  3520 | D:5      | Reached skill level 5 in Dodging
  3765 | D:5      | Reached skill level 9 in Ice Magic
  3909 | D:5      | Noticed Grinder
  3931 | D:5      | Killed Grinder
  3971 | D:5      | Reached skill level 10 in Ice Magic
  3971 | D:5      | Reached XP level 8. HP: 25/52 MP: 8/11
  4200 | D:6      | Found a sparkling altar of Nemelex Xobeh.
  4358 | D:6      | Found an opulent altar of Gozag.
  4429 | D:6      | Reached skill level 11 in Ice Magic
  4466 | D:6      | Noticed Duvessa
  4471 | D:6      | Noticed Dowan
  4478 | D:6      | Killed Duvessa
  4478 | D:6      | Killed Dowan
  4618 | D:6      | Reached XP level 9. HP: 57/57 MP: 8/12
  4931 | D:7      | Reached skill level 12 in Ice Magic
  5061 | D:7      | Reached **** piety under Yredelemnul
  5544 | D:7      | Reached skill level 13 in Ice Magic
  5744 | D:7      | Found a hide-covered altar of Uskayaw.
  5748 | D:7      | Noticed a +0 hand axe
  5748 | D:7      | Noticed a +0 dagger
  5813 | D:7      | Received a gift from Yredelemnul (4 flying skulls)
  5925 | D:7      | Reached XP level 10. HP: 40/60 MP: 13/13
  6043 | D:8      | Noticed a two-headed ogre
  6049 | D:8      | Killed a two-headed ogre
  6050 | D:8      | Reached skill level 14 in Ice Magic
  6163 | D:8      | Identified the +2 plate armour of the Blessed Realm {rCorr}
  6209 | D:8      | Identified the +7 rapier of Kinn {vorpal, rPois rF+ rC+}
  6395 | D:8      | Found an iron altar of Okawaru.
  6400 | D:8      | Reached ***** piety under Yredelemnul
  6659 | D:8      | Found a broken altar of Ashenzari.
  6737 | D:9      | Received a gift from Yredelemnul (a wight)
  6857 | D:9      | Reached skill level 10 in Dodging
  6863 | D:9      | Received a gift from Yredelemnul (a wraith)
  6963 | D:9      | Found a radiant altar of Vehumet.
  6989 | D:9      | Reached skill level 15 in Ice Magic
  7069 | D:9      | Found a sacrificial altar of Ru.
  7069 | D:9      | Found a hazy altar of Hepliaklqana.
  7077 | D:9      | Found a bloodstained altar of Trog.
  7079 | D:9      | Found a shimmering blue altar of Sif Muna.
  7081 | D:9      | Found a faded altar of an unknown god.
  7375 | D:9      | Found a staircase to the Orcish Mines.
  7378 | D:9      | Received a gift from Yredelemnul (a wraith)
  7405 | D:9      | Reached XP level 11. HP: 48/68 MP: 14/14
  7675 | D:9      | Found a basalt altar of Yredelemnul.
  7735 | D:10     | Entered Level 10 of the Dungeon
  7739 | D:10     | Identified the +12 morningstar of Qazlal's Benevolence
                  | {drain, rElec MP-9 Dex+6}
  7748 | D:10     | Received a gift from Yredelemnul (a wight)
  7809 | D:10     | Noticed a two-headed ogre
  7812 | D:10     | Found an ancient bone altar of Kikubaaqudgha.
  7816 | D:10     | Noticed a cyclops
  7825 | D:10     | Killed a two-headed ogre
  7826 | D:10     | Reached skill level 16 in Ice Magic
  7834 | D:10     | Killed a cyclops
  7920 | D:10     | Found a transporter.
  7925 | D:10     | Noticed hark's ghost (novice MiFi)
  7926 | D:10     | Found a transporter.
  7995 | D:10     | Noticed a manticore
  8213 | D:10     | Found a snail-covered altar of Cheibriados.
  8332 | D:10     | Killed a manticore
  8339 | D:10     | Gained mutation: Your spells are a little easier to cast,
                  | but a little less powerful. [potion of mutation]
  8339 | D:10     | Gained mutation: You are strong-willed. (Will+) [potion of
                  | mutation]
  8339 | D:10     | Gained mutation: You are clumsy. (Dex -2) [potion of
                  | mutation]
  8340 | D:10     | Killed hark's ghost
  8439 | D:10     | Identified a scroll of acquirement
  8441 | D:10     | Acquired a staff of cold
  8508 | D:11     | Received a gift from Yredelemnul (4 flying skulls)
  8610 | D:11     | Lost mutation: Your spells are a little easier to cast, but
                  | a little less powerful. [potion of mutation]
  8610 | D:11     | Lost mutation: You are clumsy. (Dex -2) [potion of
                  | mutation]
  8610 | D:11     | Gained mutation: Your muscles are strong. (Str +2) [potion
                  | of mutation]
  8610 | D:11     | Gained mutation: You are partially covered in iridescent
                  | scales. (AC +2) [potion of mutation]
  8648 | D:11     | Reached skill level 17 in Ice Magic
  8738 | D:11     | Found a staircase to the Lair.
  8746 | D:11     | Noticed a five-headed hydra
  8768 | D:11     | HP: 2/68 [five-headed hydra (2)]
  8769 | D:11     | Slain by a five-headed hydra

Illustrated notes

Levels and vault maps discovered:
D:1:      sevenhm_arrival_forest_fort_small_4, layout_basic,
          hellmonk_ecumenical_altar_slurped_away
D:2:      layout_rooms, st_stairs_12, mrwooster_statue_mirror,
          minmay_statues_item, serial_bayou_pond_d, uniq_natasha
D:3:      layout_rooms, gammafunk_temple_overflow_pools, serial_shops,
          nicolae_shop_stone
D:4:      layout_rooms, minmay_temple_entry_drinking_statues
D:5:      layout_rooms, uniq_grinder
D:6:      layout_basic, mainiacjoe_overflow_small_starburst,
          mainiacjoe_overflow_boulevard, uniq_duvessa
D:7:      layout_gridville, dancing_weapons_uskayaw, serial_undead,
          serial_undead_d, serial_undead_a, serial_undead_c, serial_undead_b,
          serial_undead_e, serial_undead_c, serial_undead_a, serial_undead_f,
          serial_undead_b, serial_undead_a
D:8:      kennysheep_blocky_hall, layout_rooms, okawaru_altar_gauntlet_db,
          ashenzari_altar_1, columned_hall_lemuel
D:9:      layout_roguey, yredelemnul_forgotten_temple_becter,
          chequers_temple_overflow_minitemple, overflow_temple_1_default,
          kennysheep_orc_monster_closet_entryway, kennysheep_generic_room_7
D:10:     layout_cave_pools, mainiacjoe_overflow_brackets, chei_slow_surprise,
          gammafunk_ghost_arena
D:11:     layout_basic, david_lair_generic, gammafunk_ghost_berserking_beasts,
          kennysheep_generic_room_2
Temple:   corrupted_temple

Skill      XL: |  1  2  3  4  5  6  7  8  9 10 11 |
---------------+----------------------------------+-----
Ice Magic      | 5 6 7 8 10 11 13 15 17 | 17.2
Dodging        | 3 4 6 7 9 10 11 | 11.7
Stealth        | |  1.7
Spellcasting   | |  2.1

Action                   |  1- 3 |  4- 6 |  7- 9 | 10-12 || total
-------------------------+-------+-------+-------+-------++-------
Melee: Unarmed           |     4 |       |       |       ||     4
       Mace              |     2 |    60 |       |       ||    62
       Trident           |       |     4 |   241 |     8 ||   253
       Rapier            |       |       |       |    81 ||    81
       Morningstar       |       |       |       |    43 ||    43
       Staff             |       |       |       |    42 ||    42
 Cast: Freeze            |    23 |    10 |    14 |     6 ||    53
       Frozen Ramparts   |     1 |    24 |    27 |    34 ||    86
 Abil: Hop               |     1 |       |     2 |     2 ||     5
  Use: Potion            |       |       |     2 |     8 ||    10
       Scroll            |       |       |       |    12 ||    12
 Stab: Sleeping          |       |     1 |     4 |     2 ||     7
       Distracted        |       |       |     1 |       ||     1
Armor: Robe              |     4 |    45 |    35 |    84 ||   168
       Skin              |       |       |       |     4 ||     4
Dodge: Dodged            |    12 |    73 |   228 |   252 ||   565
       Repelled          |     1 |       |     4 |       ||     5

Table legend: (Time is in decaauts)
 A = Elapsed time spent in this place.
 B = Non-inter-level travel time spent in this place.
 C = Inter-level travel time spent in this place.
 D = Time resting spent in this place.
 E = Time spent auto-exploring this place.
 F = Levels seen in this place.
 G = Mean time per level.
                   A        B        C        D        E       F      G
               +--------+--------+--------+--------+--------+-----+--------+
         Total |   9928 |   9638 |    290 |    101 |   7541 |  12 |  827.3 |
       Dungeon |   9843 |   9562 |    281 |    101 |   7505 |  11 |  894.8 |
        Temple |     84 |     76 |      8 |      0 |     36 |   1 |   84.0 |
               +--------+--------+--------+--------+--------+-----+--------+

Top non-repeatable levels by time:
     D:2: 1326 daAuts
     D:7: 1294 daAuts
     D:1: 1273 daAuts
     D:9: 1145 daAuts
     D:6: 907 daAuts
    D:10: 831 daAuts
     D:8: 793 daAuts
     D:4: 769 daAuts
     D:5: 624 daAuts
     D:3: 534 daAuts
    D:11: 343 daAuts
  Temple: 84 daAuts
